 Dungeon Crawl Stone Soup version 0.19-a0-1861-g35def1e (webtiles) character file.

66 Amnesiac the Sneak (level 3, -5/20 HPs)
             Began as a Deep Elf Assassin on Oct 12, 2016.
             Slain by a centaur skeleton (7 damage)
             ... on level 4 of the Dungeon.
             The game lasted 00:05:15 (1437 turns).

Amnesiac the Sneak (Deep Elf Assassin)              Turns: 1437, Time: 00:05:16

Health: -5/20      AC:  3    Str:  8    XL:     3   Next: 96%
Magic:  5/5        EV: 12    Int: 15    God:
Gold:   35         SH:  4    Dex: 17    Spells: 0 memorised, 2 levels left

rFire  . . .     SeeInvis .     b - +0 blowgun
rCold  . . .     Gourm    .     c - +0 robe
rNeg   . . .     Faith    .     (no shield)
rPois  .         Spirit   .     (no helmet)
rElec  .         Dismiss  .     d - +0 cloak
rCorr  .         Reflect  .     (no gloves)
MR     .....     Harm     .     (no boots)
Stlth  +++.......               (no amulet)
                                (no ring)
                                (no ring)

@: no status effects
A: hooves 1, large bone plates 1, sense surroundings 1
a: no special abilities


You were on level 4 of the Dungeon.
You were hungry.

You visited 1 branch of the dungeon, and saw 4 of its levels.

You collected 35 gold pieces.

Inventory:

Hand Weapons
 a - a +2 dagger
 b - a +0 blowgun (weapon)
Missiles
 e - 3 poisoned needles (quivered)
 l - 3 needles of confusion
Armour
 c - a +0 robe (worn)
 d - a +0 cloak (worn)
Scrolls
 h - a scroll of immolation {unknown}
 m - a scroll of blinking {unknown}
Potions
 f - a potion of heal wounds {unknown}
Comestibles
 g - 3 bread rations
 i - a meat ration
 k - 3 fruits


   Skills:
 - Level 1.5 Fighting
 + Level 3.3 Short Blades
 - Level 2.0 Throwing
 - Level 1.2 Dodging
 - Level 6.0 Stealth


You had 2 spell levels left.
You didn't know any spells.

Dungeon Overview and Level Annotations

Branches:
Dungeon (4/15)
 Temple: D:4-7

Altars:

Annotations:
D:4 Natasha


Innate Abilities, Weirdness & Mutations

You have large cloven feet.
You are partially covered in large bone plates. (SH +4)
You passively map a small area around you.


Message History

You shoot a poisoned needle.
The poisoned needle hits the hippogriff.
The hippogriff is poisoned.
Firing (i - inventory. (,) - cycle):
e - 4 poisoned needles (quivered)
Press: ? - help, Shift-Dir - straight line, p - hippogriff You shoot a poisoned needle.
You are confused.
In your confused state, you trip and fall back down the stairs.
In your confused state, you trip and fall back down the stairs.
The worker ant twitches its antennae in your direction.
The hippogriff bites you! The hippogriff pecks you.
The hippogriff claws you but does no damage.
The orc hits you but does no damage.
There are no items here.
You feel less confused. The centaur skeleton hits you!
* * * LOW HITPOINT WARNING * * *
The hippogriff closely misses you. You block the hippogriff's attack.
The hippogriff closely misses you. The centaur skeleton hits you!
You die...

, * , ,,
..##...(.... ,
, *
........... ,
(......(..#
(.a.......#
#.........#
..........#
......oH.# , *
, , ......Z@.#
* , .........#
* ..........#*
* ,
...........#
.............
,
.....##.......
, ##+##
#.####...# , ,
, #.# ##.. ,
#. #. * ,


You could see a hippogriff, a worker ant, an orc and a centaur skeleton.

Vanquished Creatures
  4 adders (D:3)
  A dart slug (D:1)
  3 orcs
  6 bats
  3 giant cockroaches
  A goblin (D:3)
  2 hobgoblins (D:2)
  2 frilled lizards (D:1)
  3 kobolds
  2 rats
27 creatures vanquished.

Notes
Turn   | Place    | Note
-------+----------+-------------------------------------------
     0 | D:1      | Amnesiac the Deep Elf Assassin began the quest for the Orb.
     0 | D:1      | Reached XP level 1. HP: 12/12 MP: 3/3
    29 | D:1      | Reached skill level 5 in Stealth
   126 | D:1      | Reached XP level 2. HP: 16/16 MP: 4/4
   735 | D:4      | Noticed Natasha
   786 | D:3      | Reached XP level 3. HP: 18/20 MP: 5/5
   817 | D:3      | Reached skill level 6 in Stealth
   877 | D:3      | Gained mutation: You are partially covered in large bone plates. (SH +4) [potion of mutation]
   877 | D:3      | Gained mutation: You have large cloven feet. [potion of mutation]
   877 | D:3      | Gained mutation: You passively map a small area around you. [potion of mutation]
  1429 | D:4      | Noticed a hippogriff
  1437 | D:4      | Slain by a centaur skeleton

Vault maps used:
D:1:      co_arrival_random_square_maze, minivault_27
D:2:      minmay_heptomino_l4
D:4:      minmay_fountain_box, grunt_decor_arrowhead, uniq_natasha

Skill      XL: |  1  2  3 |
---------------+----------+-----
Stealth        | 5 6 |  6.0
Short Blades   | 3 |  3.3
Fighting       | |  1.5
Throwing       | |  2.0
Dodging        | |  1.2

Action                   || total
-------------------------++-------
Melee: Dagger            ||    83
       Kick              ||     4
 Fire: Blowgun           ||    14
  Use: Potion            ||     2
 Stab: Sleeping          ||     9
  Eat: Chunk             ||     1
Armor: Robe              ||    14
Dodge: Dodged            ||    55
Block: Other             ||     5
